 Dungeon Crawl Stone Soup version 0.28.0-47-ge53b351184 (webtiles) character file.

Game seed: 17626135314859736710

1607 L33tCrusader the Cudgeller (level 8, -13/70 HPs)
             Began as a Purple Draconian Berserker on Apr 25, 2022.
             Was a Priest of Trog.
             Mangled by a cyclops (18 damage)
             ... on level 6 of the Dungeon.
             The game lasted 00:17:07 (5230 turns).

L33tCrusader the Cudgeller (DrBe)                   Turns: 5230, Time: 00:17:08

Health: -13/70     AC:  9    Str: 21    XL:     8   Next: 63%
Magic:  8/8        EV: 14    Int:  8    God:    Trog [***...]
Gold:   335        SH:  0    Dex: 11    Spells: 7/7 levels left

rFire   . . .      SeeInvis +   n - +1 whip (flame)
rCold   . . .      Faith    .   (no shield)
rNeg    . . .      Spirit   .   (armour unavailable)
rPois   .          Reflect  .   (helmet restricted)
rElec   .          Harm     .   e - +0 cloak
rCorr   .          Rampage  .   (no gloves)
Will    ++...                   g - +1 pair of boots
Stlth   +.........              (no amulet)
HPRegen 0.21/turn               p - ring of see invisible
MPRegen 0.11/turn               d - ring of willpower

@: on berserk cooldown, slowed, very slow
A: breathe power, AC +6, unfitting armour, cold-blooded
a: Breathe Dispelling Energy, Renounce Religion, Berserk, Trog's Hand


You were on level 6 of the Dungeon.
You worshipped Trog.
Trog was most pleased with you.
You visited 1 branch of the dungeon, and saw 6 of its levels.

You collected 335 gold pieces.

Inventory:

Hand Weapons
 a - a +0 mace
 h - a +0 shortbow
 n - a +1 whip of flaming (weapon)
 s - a +0 giant club
Missiles
 i - 82 arrows
Armour
 e - a +0 cloak (worn)
 g - a +1 pair of boots (worn)
Jewellery
 d - a ring of willpower (right hand)
 p - a ring of see invisible (left hand)
Wands
 r - a wand of mindburst (13)
Scrolls
 b - a scroll of torment
 c - 3 scrolls of identify
 j - a scroll of immolation
 k - 4 scrolls of summoning
 l - a scroll of holy word
 m - 2 scrolls of noise
Potions
 f - 2 potions of haste
 o - a potion of curing {unknown}
 t - a potion of mutation {unknown}


   Skills:
 + Level 6.3 Fighting
 * Level 7.6 Maces & Flails
 * Level 6.8 Dodging


You had 7 spell levels left.
You didn't know any spells.
Your spell library was empty.

Dungeon Overview and Level Annotations

Branches:
Dungeon (6/15)
 Temple: D:4-7

Altars:
Dithmenos
Makhleb
Okawaru
Sif Muna
Vehumet
Wu Jian
Xom

Portals:
Sewer: D:6


Innate Abilities, Weirdness & Mutations

You can breathe bolts of dispelling energy.
Your rich purple scales are hard. (AC +6)
You cannot fit into any form of body armour.
You are cold-blooded and may be slowed by cold attacks.


Message History

You feel a strong urge to attack something.
You are no longer berserk.
You are exhausted.
You feel yourself slow down.
Your +1 whip of flaming stops flaming.
h - a +0 shortbow (weapon)
Fire: 85 arrows
Press: ? - help, Q - select action, (/) - cycle Shift-Dir - straight line, f - cyclops
Aim: a cyclops, quivering large rocks (86% to hit)
You shoot an arrow. The arrow hits the cyclops.
The cyclops is lightly wounded.
Fire: 84 arrows
Press: ? - help, Q - select action, (/) - cycle Shift-Dir - straight line, f/p - cyclops
Aim: a cyclops, quivering large rocks (lightly wounded, 86% to hit)
You shoot an arrow.
The arrow hits the cyclops but does no damage.
The cyclops is lightly wounded.
The cyclops throws a large rock.
The large rock misses you.
Fire: 83 arrows
Press: ? - help, Q - select action, (/) - cycle Shift-Dir - straight line, f/p - cyclops
Aim: a cyclops, quivering large rocks (lightly wounded, 86% to hit)
You shoot an arrow. The arrow hits the cyclops!
The cyclops is moderately wounded.
Your +1 whip of flaming bursts into flame!
n - a +1 whip of flaming (weapon)
You're still recovering from your berserk rage.
You hit the cyclops. You burn the cyclops.
The cyclops is heavily wounded.
The cyclops hits you!!
* * * LOW HITPOINT WARNING * * *
You're still recovering from your berserk rage.
You hit the cyclops. You burn the cyclops.
Your tail-slap misses the cyclops.
The cyclops is severely wounded.
You hit the cyclops. You burn the cyclops.
The cyclops is severely wounded.
The cyclops closely misses you.
You whack the cyclops! You burn the cyclops.
The cyclops is almost dead.
The cyclops hits you!!
You die...

....8..... ≈≈≈≈≈≈≈≈≈.##
......oo. ≈≈≈≈∩≈≈≈≈..#
....?... ≈≈≈≈≈≈≈≈≈†.#
......#.# ############.#
o.....#.. ...#.##.##..#
.Zoo..#..####).#.##..†.##
oo..8.#$.).().<#.##.####
.(.......C.)#(.#.##.#
#..###...##.#.†C@...#
#..# #....)...##.####
...[.............#
...####...###.#### ....
.<... ...#
........####### ###. .


You could see a cyclops.

Vanquished Creatures
  Pikel (D:5)
  A water moccasin (D:6)
  A necrophage (D:4)
  An orc warrior (D:6)
  A centaur (D:3)
  2 ogres (D:5)
  3 lemures (D:5)
  3 scorpions (D:5)
  A water moccasin zombie (D:6)
  A water moccasin skeleton (D:4)
  A bullfrog zombie (D:3)
  A jelly (D:4)
  2 orc priests
  A hound (D:5)
  2 orc wizards
  A howler monkey skeleton (D:4)
  3 adders (D:2)
  An adder zombie (D:5)
  2 adder skeletons (D:4)
  A worm (D:3)
  A dart slug (D:5)
  13 orcs
  10 ball pythons
  5 bats
  5 endoplasms
  3 giant cockroaches (D:6)
  3 hobgoblins (D:2)
  4 jackals (D:1)
  11 kobolds
  5 quokkas
  5 frilled lizards
  6 rats
  A spectral hobgoblin (D:3)
102 creatures vanquished.

Vanquished Creatures (others)
  A plant (D:5)
1 creature vanquished.

Grand Total: 103 creatures vanquished

Notes
Turn   | Place    | Note
-------+----------+-------------------------------------------
     0 | D:1      | L33tCrusader the Draconian Berserker began the quest for
                  | the Orb.
     0 | D:1      | Reached XP level 1. HP: 19/19 MP: 1/1
   203 | D:1      | Reached XP level 2. HP: 26/26 MP: 2/2
   897 | D:2      | Reached XP level 3. HP: 8/33 MP: 3/3
  1395 | D:2      | Reached ** piety under Trog
  2049 | D:3      | Noticed a centaur
  2059 | D:3      | Killed a centaur
  2060 | D:3      | Reached skill level 4 in Maces & Flails
  2060 | D:3      | Reached XP level 4. HP: 22/40 MP: 4/4
  2060 | D:3      | Reached XP level 5. HP: 26/46 MP: 5/5
  2388 | D:3      | Found a faded altar of an unknown god.
  2421 | D:3      | Found a shadowy altar of Dithmenos.
  2900 | D:4      | Found a shadowy altar of Dithmenos.
  3020 | D:4      | Noticed a necrophage
  3032 | D:4      | Killed a necrophage
  3033 | D:4      | Reached skill level 5 in Maces & Flails
  3033 | D:4      | Reached XP level 6. HP: 46/53 MP: 6/6
  3202 | D:4      | Found an ornate altar of the Wu Jian Council.
  3329 | D:4      | Found an ancient bone altar of Kikubaaqudgha.
  3329 | D:4      | Found an iron altar of Okawaru.
  3331 | D:4      | Found an iron altar of Okawaru.
  3331 | D:4      | Found a radiant altar of Vehumet.
  3331 | D:4      | Found a shimmering altar of Xom.
  3750 | D:5      | Entered Level 5 of the Dungeon
  3767 | D:5      | Reached skill level 5 in Dodging
  3767 | D:5      | Your scales start taking on a rich purple colour.
  3767 | D:5      | Reached XP level 7. HP: 56/60 MP: 7/7
  4037 | D:5      | Noticed Pikel
  4049 | D:5      | Killed Pikel
  4050 | D:5      | Reached skill level 5 in Fighting
  4050 | D:5      | Reached skill level 6 in Maces & Flails
  4121 | D:5      | Found a shimmering blue altar of Sif Muna.
  4283 | D:5      | Reached XP level 8. HP: 24/70 MP: 8/8
  4761 | D:5      | Reached skill level 7 in Maces & Flails
  4889 | D:5      | Found a burning altar of Makhleb.
  5088 | D:6      | Found a glowing drain.
  5188 | D:6      | Noticed a cyclops
  5217 | D:6      | Reached *** piety under Trog
  5230 | D:6      | Mangled by a cyclops

Illustrated notes

Levels and vault maps discovered:
D:1:      tarquinn_simple_flora_water_e, layout_basic
D:2:      layout_basic
D:3:      layout_loops_ring, nicolae_dithmenos_through_a_glass_darkly,
          dreamdust_ecumenical_altar_drowned_temple
D:4:      layout_cave_pools, doesnt_xom_only_xom, nicolae_wu_jian_wuxing_cycle,
          hangedman_abyss_or_decor_passed
D:5:      layout_loops_ring, mainiacjoe_overflow_catwalk,
          mainiacjoe_overflow_alcove_1, serial_bayou_pond_d, uniq_pikel
D:6:      layout_loops_cross, tgw_kikubaaqudgha, nicolae_overflow_hidden_temple,
          nicolae_overflow_crystal_walls, dk_yredelemnul_ordeal,
          portal_sewer_entry_f, st_stairs_1, lightli_corner_chamber

Skill      XL: |  1  2  3  4  5  6  7  8 |
---------------+-------------------------+-----
Dodging        | 3 4 5 6 |  6.8
Fighting       | 4 5 6 |  6.3
Maces & Flails | 4 5 6 7 |  7.6

Action                   |  1- 3 |  4- 6 |  7- 9 || total
-------------------------+-------+-------+-------++-------
Melee: Mace              |    95 |   116 |    44 ||   255
       Tailslap          |     6 |    15 |    22 ||    43
       Punch             |     2 |     1 |     4 ||     7
       Whip              |       |       |   108 ||   108
 Fire: Shortbow          |       |     3 |     7 ||    10
Invok: Berserk           |     3 |     1 |     3 ||     7
  Use: Scroll            |     5 |     5 |     1 ||    11
 Stab: Sleeping          |     1 |       |     1 ||     2
Armor: Skin              |    50 |    40 |    43 ||   133
Dodge: Dodged            |    95 |    87 |    69 ||   251
